 Dungeon Crawl Stone Soup version 0.32-a0-975-g85d4e5bfdb (webtiles) character file.

Game seed: 1992002463669250384

122781 bananaken the Severer (level 16, 0/150 HPs)
             Began as a Mountain Dwarf Cinder Acolyte on Apr 18, 2024.
             Was a High Priest of Okawaru.
             Slain by a fire elemental (4 damage)
             ... summoned by a deep elf pyromancer
             ... on level 1 of the Elven Halls on Apr 19, 2024.
             The game lasted 00:55:00 (23183 turns).

bananaken the Severer (MDCA)                       Turns: 23183, Time: 00:55:01

Health: 0/150      AC: 29    Str: 28    XL:     16   Next: 35%
Magic:  22/22      EV:  7    Int: 30    God:    Okawaru [*****.]
Gold:   1079       SH: 20    Dex:  7    Spells: 15/17 levels left

rFire   + . .        a - +4 broad axe (vamp)
rCold   . . .        A - +4 tower shield "Suonac" {rElec rF+ Int+2}
rNeg    . . .        B - +4 chain mail of Voypokh {Int+3}
rPois   +            i - +0 helmet
rElec   +            d - +2 cloak {rPois}
rCorr   .            y - +2 pair of gloves {Str+3}
SInv    +            l - +2 pair of boots {Stlth+}
Will    +....        D - amulet "Awkodea" {+Blink Regen+ SInv} Stlth
                     c - +6 ring of intelligence
HPRegen 1.25/turn    w - ring of the Prince {Fly Str+3 Int+3}
MPRegen 0.18/turn

%: no passive effects
@: on fire, about to teleport, marked, flying, slowed, glowing, studying
Dodging, very slow
A: runic magic, artefact enchanting
a: Renounce Religion, Evoke Blink, Heroism, Finesse, Duel


You were on level 1 of the Elven Halls.
You worshipped Okawaru.
Okawaru was extremely pleased with you.
You visited 5 branches of the dungeon, and saw 24 of its levels.
You also visited: Gauntlet.

You collected 2751 gold pieces.
You spent 1672 gold pieces at shops.

Inventory:

Hand Weapons
 a - a +4 vampiric broad axe (weapon)
 b - a +5 spectral broad axe
Missiles
 h - 6 silver javelins
 n - 20 poisoned darts (quivered)
 J - 3 throwing nets
Armour
 d - a +2 cloak of poison resistance (worn)
 i - a +0 helmet (worn)
 l - a +2 pair of boots of stealth (worn)
 y - a +2 pair of gloves of strength (worn)
 A - the +4 tower shield "Suonac" (worn) {rElec rF+ Int+2}
   (You acquired it on level 2 of the Orcish Mines)

   Int+2:     It affects your intelligence (+2).
   rF+:       It protects you from fire.
   rElec:     It insulates you from electricity.
 B - the +4 chain mail of Voypokh (worn) {Int+3}
   (You found it on level 12 of the Dungeon)

   Int+3:     It affects your intelligence (+3).
 F - a +0 crystal plate armour
 W - a +1 pair of gloves of hurling
Jewellery
 c - a +6 ring of intelligence (left hand)
 m - a ring of positive energy
 r - a ring of ice
 w - the ring of the Prince (right hand) {Fly Str+3 Int+3}
   (You found it on level 1 of the Lair of Beasts)

   [ring of flight]

   Str+3:     It affects your strength (+3).
   Int+3:     It affects your intelligence (+3).
   Fly:       It grants you flight.
 D - the amulet "Awkodea" (around neck) {+Blink Regen+ SInv}
   (You found it on level 6 of the Dungeon)

   [amulet of regeneration]

   SInv:      It lets you see invisible.
   +Blink:    It lets you blink.
   Regen+:    It increases your rate of health regeneration.
 M - a ring of willpower
Wands
 p - a wand of polymorph (29)
 C - a wand of paralysis (41)
 E - a wand of digging (2)
 I - a wand of iceblast (2)
 L - a wand of mindburst (4)
 Q - a wand of acid (2)
Scrolls
 g - 7 scrolls of identify
 j - 7 scrolls of teleportation
 k - 3 scrolls of immolation
 q - 3 scrolls of poison
 t - 8 scrolls of amnesia
 v - a scroll of enchant weapon
 G - a scroll of brand weapon
 P - 2 scrolls of noise
 R - a scroll of blinking
 V - a scroll of summoning
Potions
 e - 4 potions of magic
 f - 3 potions of enlightenment
 o - 3 potions of berserk rage
 s - 4 potions of mutation
 u - 2 potions of lignification
 x - 5 potions of heal wounds
 z - 4 potions of resistance
 H - 2 potions of brilliance
 K - 3 potions of might
 N - 5 potions of curing
 O - a potion of cancellation
 T - a potion of attraction
Miscellaneous
 S - a Gell's gravitambourine (1/2)
 U - a phantom mirror


   Skills:
 + Level 15.7 Fighting
 - Level 18.0 Axes
 + Level 14.3 Armour
 - Level 1.1 Dodging
 - Level 0.9 Stealth
 + Level 14.2 Shields
 - Level 1.4 Spellcasting
 - Level 4.0 Fire Magic
 + Level 9.0 Invocations
 - Level 10.9 Evocations


You had 15 spell levels left.
You knew the following spells:

 Your Spells              Type           Power      Damage    Failure   Level
a - Scorch                Fire           52%        2d7       7%          2

Your spell library contained the following spells:

 Spells                   Type           Power      Damage    Failure   Level
 Apportation              Tloc           4%         N/A       26%         1
 Freeze                   Ice            8%         1d3       26%         1
 Kiss of Death            Conj/Necr      8%         2d6       26%         1
 Necrotise                Necr           8%         1d4       26%         1
 Sandblast                Erth           4%         2d4       26%         1
 Sting                    Conj/Alch      8%         1d3       26%         1
 Ensorcelled Hibernation  Hex/Ice        4%         N/A       36%         2
 Jinxbite                 Hex            4%         N/A       36%         2
 Lesser Beckoning         Tloc           4%         N/A       36%         2
 Mercury Vapours          Alch/Air       4%         N/A       36%         2
 Confusing Touch          Hex            2%         N/A       58%         3
 Fugue of the Fallen      Necr           2%         N/A       58%         3
 Maxwell's Portable Pile  Tloc           2%         2d(5-14)  58%         3
 Passwall                 Erth           2%         N/A       58%         3
 Stone Arrow              Conj/Erth      4%         3d7       58%         3
 Teleport Other           Tloc           2%         N/A       58%         3
 Anguish                  Hex/Necr       1%         N/A       94%         4
 Dimensional Bullseye     Hex/Tloc       1%         N/A       94%         4
 Dispel Undead            Necr           2%         3d7       94%         4
 Iskenderun's Mystic Bla Conj/Tloc 2%             2d3        (+2d1     94%         4
 Passage of Golubria      Tloc           2%         N/A       94%         4
 Arcjolt                  Conj/Air       1%         1d11      100%        5
 Borgnjor's Vile Clutch   Necr/Erth      1%         N/A       100%        5
 Silence                  Hex/Air        1%         N/A       100%        5
 Yara's Violent Unravell  Hex/Alch       1%         3d3       100%        5
 Enfeeble                 Hex            1%         N/A       100%        7
 Rimeblight               Ice/Necr       1%         2d3       (prima100%   7
 Lehudib's Crystal Spear  Conj/Erth      1%         10d2      100%        8
 Maxwell's Capacitive Co  Air            1%         ∞         100%        8
 Chain Lightning          Conj/Air       1%         3d1       100%        9
 Fire Storm               Conj/Fire      7%         8d2       100%        9
 Shatter                  Erth           1%         3d5*      100%        9
 Summon Small Mammal      Summ           Unusable   N/A       N/A         1
 Tukima's Dance           Hex            Unusable   N/A       N/A         3
 Animate Dead             Necr           Unusable   N/A       N/A         4
 Summon Lightning Spire   Summ/Air       Unusable   N/A       N/A         4
 Death Channel            Necr           Unusable   N/A       N/A         6

Dungeon Overview and Level Annotations

Branches:
Dungeon (15/15)            Temple (1/1) D:6            Lair (5/5) D:8
 Shoals (0/4) Lair:3       Spider (0/4) Lair:3        Slime (0/5) Lair:5
    Orc (2/2) D:11            Elf (1/3) Orc:2        Vaults (0/5) D:14
 Depths (0/4) D:15        Gauntlet (visited)

Altars:
Ashenzari
Cheibriados
Dithmenos
Elyvilon
Fedhas
Gozag
Hepliaklqana
Kikubaaqudgha
Makhleb
Nemelex Xobeh
Okawaru
Qazlal
Ru
Sif Muna
Trog
Uskayaw
Vehumet
Wu Jian
Xom
Yredelemnul
Zin
The Shining One
Beogh
Jiyva
Lugonu

Shops:
D:2 (*[   Orc:1 [   Orc:2 ??*

Portals:
Abyss: Lair:5

Annotations:
Lair:1 3 runed translucent doors, Otedoll's ghost, journeyman DECj


Innate Abilities, Weirdness & Mutations

Your spellcasting is much less encumbered by armour.
You can use scrolls of enchantment on lesser artefacts.


Message History

The arrow hits you!
* * * LOW HITPOINT WARNING * * *
You block the fire elemental's attack. The fire elemental hits you.
The fire elemental burns you! You resist.
* * * LOW HITPOINT WARNING * * *
The deep elf pyromancer gestures at you while chanting.
The bolt of fire hits you! You resist.
* * * LOW HITPOINT WARNING * * *
The deep elf pyromancer gestures wildly while chanting.
Unknown command.
Unknown command.
You feel much better. The liquid fire burns you!
* * * LOW HITPOINT WARNING * * *
The fire elemental hits you. The fire elemental burns you! You resist.
* * * LOW HITPOINT WARNING * * *
The fire elemental hits you. The fire elemental burns you! You resist.
* * * LOW HITPOINT WARNING * * *
The deep elf archer shoots an arrow.
The arrow hits you.
* * * LOW HITPOINT WARNING * * *
The deep elf pyromancer gestures at you while chanting.
The pyre arrow hits you.
You are even more covered in intense liquid fire!
You block the deep elf pyromancer's attack.
The fire elemental hits you. The fire elemental burns you! You resist.
* * * LOW HITPOINT WARNING * * *
You block the fire elemental's attack.
The deep elf archer shoots an arrow.
You block the arrow. You block the fire elemental's attack.
Unknown command.
Aiming: Duel (24% risk of failure)
Press: ? - help, Dir - move target, f - deep elf pyromancer
Aim: a deep elf pyromancer, wielding a +0 long sword and wearing a +0 leather armour (moderately wounded)
You fail to use your ability.
The liquid fire burns you!
* * * LOW HITPOINT WARNING * * *
You block the fire elemental's attack.
You block the deep elf pyromancer's attack.
The deep elf pyromancer casts a spell.
The fire elemental hits you. The fire elemental burns you! You resist.
You die...

###...........#
+.'...........#
###...........# ..
##........†..# ....>#
#####.........'#####
......#####.E.#'e.....)##.##.#
......#.....°E)##.....####'...
............eEE○#####'# #....
.#.....#.....@eE# #.# ##...
###...###e..E.E○# #.# ##'.#
.#.....#........# #.# ##.###
...##...##...##+ #.###.##
##)####### ##+##.## #...
+#...'## #..#.. ##..♣..##
...###.# #.......# ..#.. ..+
+)♣.ß.♣.#


You could see a deep elf archer (repels missiles), 3 deep elf pyromancers and 7
fire elementals.

Vanquished Creatures
  Rupert (D:15)
  Frances (D:14)
  Agnes (D:14)
  Kirke (Lair:5)
  Donald (Elf:1)
  A minotaur (Gauntlet)
  The ghost of Bape the Carver, a journeyman GnWn of Vehumet (D:14)
  Snorg (D:11)
  The ghost of ShinQuickMan the Destroyer, a journeyman HuCj of Vehumet (D:10)
  Josephine (D:14)
  The ghost of Doublefister the Skirmisher, a journeyman CoHu of Gozag (D:10)
  An ogre mage (D:14)
  8 hydras
  13 centaur warriors
  A catoblepas (Lair:2)
  A death knight (D:15)
  2 boulder beetles
  9 death yaks (Lair:5)
  6 two-headed ogres
  A tengu warrior (D:15)
  The ghost of dogverified the Nimble, a novice DsGl of Beogh (D:10)
  The ghost of asd2613 the Carver, a novice CoGl of Ashenzari (D:10)
  2 thrashing horrors (Lair:5)
  A deep troll earth mage (D:15)
  A hell hog (Gauntlet)
  6 orc high priests
  3 deep elf knights
  2 skeletal warriors
  A skyshark (Lair:5)
  2 swamp dragons (Lair:1)
  2 phantasmal warriors (D:15)
  2 thermic dynamos (Elf:1)
  An orb spider (Lair:3)
  3 large abominations (Lair:5)
  An obsidian bat (Orc:1)
  11 orc knights
  8 deep elf pyromancers
  2 deep elf zephyrmancers (D:14)
  An orc sorcerer (Orc:1)
  5 ugly things
  9 cyclopes
  3 manticores
  22 elephants
  8 black mambas
  An elephant (shapeshifter) (Elf:1)
  2 kobold blastminers (Orc:1)
  3 smoke demons (Lair:5)
  3 centaur skeletons (D:14)
  7 cane toads
  9 komodo dragons
  2 efreet
  2 torpor snails
  A kobold demonologist (D:9)
  6 rime drakes
  A freezing wraith (D:15)
  2 tengu conjurers (D:15)
  A queen bee (Gauntlet)
  A polar bear (D:8)
  8 trolls
  A snapping turtle (Lair:2)
  A wind drake (Lair:3)
  2 raiju (Lair:5)
  40 blink frogs
  12 slime creatures
  A spriggan (shapeshifter) (D:13)
  A water elemental (Elf:1)
  6 wraiths (D:14)
  A spriggan (Lair:5)
  10 basilisks
  A vampire (D:10)
  2 wyverns
  A ynoxinul (Lair:5)
  42 yaks
  10 fire elementals
  3 hogs (Lair:5)
  2 wargs
  6 vampire mosquitoes
  2 chaos spawn (Lair:5)
  2 acid dragons
  2 hell hounds (Gauntlet)
  7 water moccasins
  3 black bears
  30 orc warriors
  2 sky beasts (D:7)
  3 ice beasts (D:8)
  8 ogres
  12 wolves
  18 centaurs
  A phantom (D:6)
  3 kobold brigands
  7 bullfrogs
  A scorpion (Lair:1)
  A gnoll sergeant (D:6)
  18 small abominations
  3 wights (D:8)
  9 killer bees
  10 howler monkeys
  A vampire bat (D:4)
  9 jellies
  A bombardier beetle (D:4)
  A hound (D:7)
  2 gnoll boudas (D:9)
  32 orc priests
  2 sleepcaps
  16 orc wizards
  A boggart skeleton (D:14)
  4 adders
  18 gnolls
  4 white imps
  A dart slug (D:3)
  5 fire bats
  2 ribbon worms (D:4)
  88 orcs
  2 spectral bats (D:4)
  9 ball pythons
  15 bats
  3 bat skeletons (D:4)
  A bat zombie (D:4)
  6 endoplasms
  5 giant cockroaches
  A goblin (D:2)
  10 hobgoblins
  2 jackals (D:5)
  19 kobolds
  4 quokkas
  A bat simulacrum (D:4)
  2 frilled lizards (D:1)
  9 rats
760 creatures vanquished.

Vanquished Creatures (others)
  An ogre mage (D:15)
  A deep elf knight (Elf:1)
  2 humans (Lair:5)
  A water moccasin (Lair:5)
  84 foxfires
  5 spectral weapons
94 creatures vanquished.

Grand Total: 854 creatures vanquished

Notes
Turn   | Place    | Note
-------+----------+-------------------------------------------
     0 | D:1      | bananaken the Mountain Dwarf Cinder Acolyte began the quest
                  | for the Orb.
     0 | D:1      | Reached XP level 1. HP: 19/19 MP: 2/2
   271 | D:1      | Reached XP level 2. HP: 23/26 MP: 3/3
   530 | D:1      | Reached skill level 4 in Axes
   665 | D:1      | Reached XP level 3. HP: 30/31 MP: 5/5
   922 | D:2      | Found Dofakhlo's Antique Weapon Shop.
  1012 | D:2      | Learned a level 2 spell: Scorch
  1293 | D:2      | Found Ukken's Antique Armour Emporium.
  1304 | D:2      | Found a faded altar of an unknown god.
  1453 | D:2      | Reached skill level 1 in Dodging
  1453 | D:2      | Reached XP level 4. HP: 35/40 MP: 3/6
  1573 | D:2      | You fall into a shaft and drop 1 floor!
  1866 | D:2      | Found Feshripatt's General Store.
  2482 | D:3      | Found a glowing silver altar of Zin.
  2482 | D:3      | Found an ancient bone altar of Kikubaaqudgha.
  2707 | D:4      | Reached skill level 5 in Axes
  2707 | D:4      | Reached XP level 5. HP: 45/47 MP: 7/7
  2987 | D:4      | Reached skill level 6 in Axes
  2987 | D:4      | Reached XP level 6. HP: 51/55 MP: 8/8
  3162 | D:4      | Reached skill level 5 in Fighting
  3587 | D:5      | Entered Level 5 of the Dungeon
  3725 | D:5      | Reached skill level 7 in Axes
  3751 | D:5      | Reached XP level 7. HP: 34/61 MP: 9/9
  4054 | D:5      | Reached skill level 8 in Axes
  4743 | D:6      | Reached skill level 9 in Axes
  4927 | D:6      | Reached XP level 8. HP: 68/71 MP: 10/10
  5123 | D:6      | Reached skill level 1 in Armour
  5123 | D:6      | Reached skill level 1 in Shields
  5262 | D:6      | Identified the amulet "Awkodea" {+Blink Regen+ SInv}
  5506 | D:6      | Found a staircase to the Ecumenical Temple.
  5992 | D:7      | Found an opulent altar of Gozag.
  6281 | D:2      | Bought a runed broad axe for 196 gold pieces
  6533 | D:7      | Reached skill level 10 in Axes
  7063 | D:7      | Reached XP level 9. HP: 79/79 MP: 11/11
  7280 | D:8      | Identified the +1 ring mail "Watumn" {Int+3}
  7339 | D:8      | Noticed a polar bear
  7341 | D:8      | Noticed a rime drake
  7361 | D:8      | Killed a polar bear
  7362 | D:8      | Reached skill level 11 in Axes
  7368 | D:8      | Killed a rime drake
  7425 | D:8      | Found a staircase to the Lair.
  7927 | D:8      | Reached skill level 12 in Axes
  8017 | D:9      | Reached skill level 5 in Armour
  8017 | D:9      | Reached skill level 5 in Shields
  8024 | D:9      | Reached XP level 10. HP: 68/90 MP: 12/12
  8356 | D:9      | Reached skill level 1 in Evocations
  8637 | D:9      | Reached skill level 13 in Axes
  9138 | D:10     | Entered Level 10 of the Dungeon
  9201 | D:10     | Found a runed translucent gate.
  9202 | D:10     | Got the Incunabulum of the Voltaic Icicle
  9203 | D:10     | Found a runed translucent gate.
  9203 | D:10     | Found a runed translucent gate.
  9204 | D:10     | Noticed asd2613's ghost (novice CoGl)
  9204 | D:10     | Noticed ShinQuickMan's ghost (journeyman HuCj)
  9205 | D:10     | Noticed dogverified's ghost (novice DsGl)
  9205 | D:10     | Noticed Doublefister's ghost (journeyman CoHu)
  9800 | D:10     | Noticed a boulder beetle
  9808 | D:10     | Killed a boulder beetle
  9809 | D:10     | Reached XP level 11. HP: 67/97 MP: 13/13
  9882 | D:10     | Killed Doublefister's ghost
  9889 | D:10     | Killed asd2613's ghost
  9890 | D:10     | Reached skill level 14 in Axes
  9892 | D:10     | Killed ShinQuickMan's ghost
  9916 | D:10     | Killed dogverified's ghost
 10142 | D:2      | Bought a glowing cloak for 202 gold pieces
 10142 | D:2      | Bought a pair of glowing boots for 202 gold pieces
 10331 | Lair:1   | Entered Level 1 of the Lair of Beasts
 10338 | Lair:1   | Reached skill level 10 in Fighting
 10390 | Lair:1   | Reached skill level 5 in Evocations
 10393 | Lair:1   | Reached skill level 15 in Axes
 10452 | Lair:1   | Found a runed translucent gate.
 10453 | Lair:1   | Found a runed translucent gate.
 10454 | Lair:1   | Found a runed translucent gate.
 10457 | Lair:1   | Noticed Otedoll's ghost (journeyman DECj)
 10565 | Lair:1   | Reached XP level 12. HP: 55/107 MP: 14/14
 10760 | Lair:1   | Found a transporter.
 10982 | Lair:1   | Found a transporter.
 11073 | Lair:1   | Found a viscous altar of Jiyva.
 11186 | Lair:1   | Identified the +1 pair of gloves of Ghostly Freedom {MP+9
                  | Stlth+}
 11195 | Lair:1   | Identified the ring of the Prince {Fly Str+3 Int+3}
 11430 | Lair:2   | Noticed a four-headed hydra
 11436 | Lair:2   | Killed a six-headed hydra
 11533 | Lair:2   | Noticed a catoblepas
 11538 | Lair:2   | Reached skill level 16 in Axes
 11541 | Lair:2   | Noticed a six-headed hydra
 11556 | Lair:2   | Killed a catoblepas
 11932 | Lair:2   | an 11-headed hydra changed into a snapping turtle
 12677 | Lair:3   | Found a staircase to the Shoals.
 12796 | Lair:3   | Reached XP level 13. HP: 80/116 MP: 15/15
 12841 | Lair:3   | Found a hole to the Spider Nest.
 13516 | Lair:4   | Reached skill level 17 in Axes
 14099 | Lair:4   | Reached skill level 10 in Armour
 14289 | Lair:4   | Found an ornate altar of the Wu Jian Council.
 14487 | Lair:5   | Entered Level 5 of the Lair of Beasts
 14489 | Lair:5   | Identified a scroll of acquirement
 14489 | Lair:5   | Acquired a +2 vampiric broad axe
 14548 | Lair:5   | Reached skill level 10 in Shields
 14636 | Lair:5   | Found a staircase to the Slime Pits.
 14636 | Lair:5   | Found a viscous altar of Jiyva.
 14711 | Lair:5   | Noticed Kirke
 14714 | Lair:5   | Reached skill level 18 in Axes
 14754 | Lair:5   | Killed Kirke
 14922 | Lair:5   | Reached XP level 14. HP: 115/127 MP: 16/16
 15551 | Lair:5   | Reached skill level 10 in Evocations
 15601 | Lair:5   | Found a corrupted altar of Lugonu.
 15601 | Lair:5   | Found a one-way gate to the infinite horrors of the Abyss.
 16266 | Temple   | Entered the Ecumenical Temple
 16275 | Temple   | Fell from the grace of Ignis
 16275 | Temple   | Became a worshipper of Warmaster Okawaru
 16647 | D:11     | Found a roughly hewn altar of Beogh.
 16647 | D:11     | Found a staircase to the Orcish Mines.
 16673 | D:11     | Noticed Snorg
 16694 | D:11     | Killed Snorg
 16888 | Orc:1    | Entered Level 1 of the Orcish Mines
 16927 | Orc:1    | Reached * piety under Okawaru
 16951 | Orc:1    | You are sucked into a shaft and drop 1 floor!
 16951 | Orc:2    | Entered Level 2 of the Orcish Mines
 16951 | Orc:2    | Found Suno's Magic Scroll Shoppe.
 16951 | Orc:2    | Found Foklenulib's Assorted Antiques.
 16951 | Orc:2    | Found Ricuor's Magic Scroll Emporium.
 16970 | Orc:2    | Reached ** piety under Okawaru
 17017 | Orc:2    | Bought a scroll of enchant weapon for 120 gold pieces
 17017 | Orc:2    | Bought a scroll of enchant weapon for 120 gold pieces
 17051 | Orc:2    | Reached *** piety under Okawaru
 17052 | Orc:2    | Reached XP level 15. HP: 121/138 MP: 17/17
 17165 | Orc:2    | Reached skill level 1 in Invocations
 17179 | Orc:2    | Found a roughly hewn altar of Beogh.
 17490 | Orc:2    | Found a staircase to the Elven Halls.
 17715 | Orc:1    | Found Joaprol's Armour Emporium.
 17992 | Orc:1    | Found a roughly hewn altar of Beogh.
 18225 | Orc:2    | Bought a scroll of acquirement for 832 gold pieces
 18225 | Orc:2    | Acquired the +4 tower shield "Suonac" {rElec rF+ Int+2}
 18416 | D:12     | Identified the +4 chain mail of Voypokh {Int+3}
 18600 | D:12     | Reached **** piety under Okawaru
 18699 | D:12     | You are sucked into a shaft and drop 3 floors!
 18699 | D:15     | Entered Level 15 of the Dungeon
 18948 | D:14     | Identified the +2 hand axe of the Scavenger {drain, ^Drain
                  | rPois Will++ Stlth+}
 18966 | D:14     | Reached ***** piety under Okawaru
 18982 | D:14     | Found a gate to the Vaults.
 19143 | D:14     | Reached skill level 5 in Invocations
 19220 | D:14     | Noticed Josephine
 19232 | D:14     | Killed Josephine
 19232 | D:14     | Received a gift from Okawaru
 19237 | D:14     | Noticed Frances
 19242 | D:14     | Found a runed translucent door.
 19259 | D:14     | Killed Frances
 19306 | D:14     | Noticed Bape's ghost (journeyman GnWn)
 19321 | D:14     | Found a shimmering altar of Xom.
 19322 | D:14     | Found a shimmering altar of Xom.
 19323 | D:14     | Found a shimmering altar of Xom.
 19323 | D:14     | Found a shimmering altar of Xom.
 19327 | D:14     | Found a shimmering altar of Xom.
 19327 | D:14     | Found a shimmering altar of Xom.
 19327 | D:14     | Found a shimmering altar of Xom.
 19483 | D:14     | Noticed Agnes
 19494 | D:14     | Killed Agnes
 19735 | D:14     | You are sucked into a shaft and drop 1 floor!
 20325 | D:14     | Killed Bape's ghost
 20440 | D:13     | Found a gate leading to a gauntlet.
 20451 | Gauntlet | Entered a Gauntlet
 20451 | Gauntlet | Found a transporter.
 20451 | Gauntlet | Found a runed translucent door.
 20451 | Gauntlet | Found a transporter.
 20452 | Gauntlet | Found a runed translucent door.
 20466 | Gauntlet | Found a transporter.
 20470 | Gauntlet | Found a transporter.
 20476 | Gauntlet | Found a runed translucent gate.
 20476 | Gauntlet | Found a runed translucent gate.
 20476 | Gauntlet | Found a runed translucent gate.
 20478 | Gauntlet | Found a transporter.
 20482 | Gauntlet | Found a transporter.
 20486 | Gauntlet | Found a runed translucent door.
 20486 | Gauntlet | Found a runed translucent door.
 20490 | Gauntlet | Found a transporter.
 20509 | Gauntlet | Found a transporter.
 20529 | Gauntlet | Found a transporter.
 20530 | Gauntlet | Found a transporter.
 20538 | Gauntlet | Found a transporter.
 20542 | Gauntlet | Found a transporter.
 20665 | Gauntlet | Reached skill level 15 in Fighting
 21441 | D:13     | Identified the +6 trident of Hatred {protect, rC+ Int+3}
 21453 | D:13     | Identified the staff "Meom" {rPois rC+ rN++ Summ Fire Ice}
 21667 | D:12     | Was forgiven by Ignis
 22087 | D:15     | Reached XP level 16. HP: 148/149 MP: 21/21
 22436 | D:15     | Noticed Rupert
 22459 | D:15     | Killed Rupert
 22626 | D:15     | Found a staircase to the Depths.
 22929 | Elf:1    | Entered Level 1 of the Elven Halls
 22950 | Elf:1    | Noticed Donald
 22971 | Elf:1    | Killed Donald
 23181 | Elf:1    | HP: 1/150 [deep elf pyromancer/bolt of fire (14)]
 23183 | Elf:1    | Slain by a fire elemental

Illustrated notes

Levels and vault maps discovered:
D:1:      dpeg_arrival_rooms_a, layout_basic
D:2:      layout_loops_cross, serial_shops, shop, shop,
          nicolae_shop_tiny_waterfront, basic_ecumenical_altar
D:3:      layout_loops_cross, gammafunk_temple_overflow_pools
D:4:      layout_loops_ring, goddamned_bats
D:5:      layout_basic, feat_on_display
D:6:      layout_layer_cave, temple_hall, serial_library_hellmonk_secret_room
D:7:      layout_basic, lemuel_tele_altar
D:8:      layout_loops_ring, hellmonk_lair_entry_icy
D:9:      layout_loops_ring, serial_co_window_serial, co_window_paths_a,
          co_window_paths_b, co_window_paths_b, co_window_corner_a,
          co_window_paths_b, co_window_corner_b, co_window_broadway_a,
          co_window_broadway_c, co_window_broadway_c, co_window_paths_c
D:10:     layout_basic, gammafunk_ghost_cemetery, minmay_misc_feat_columns
D:11:     layout_roguey, david_orc_5, minmay_misc_feat_plants, uniq_snorg
D:12:     layout_irregular_city
D:13:     layout_cave_pools, gauntlet_entry_generic, minivault_21
D:14:     layout_cave_pods, hangedman_vaults_entry_quadrant_bands,
          xom_shifter_show, ebering_ghost_inner_flame, uniq_agnes, uniq_frances,
          uniq_josephine
D:15:     hellmonk_depths_entry_around_the_bend, layout_loops_corners,
          glass_columns_c, uniq_rupert
Temple:   nicolae_temple_bog_church
Lair:1:   gammafunk_cloud_chamber, layout_big_grid, gammafunk_ghost_ooze
Lair:2:   layout_roguey, wad_woods_river_01
Lair:3:   layout_cave_pods, minmay_shoals_entry_beasts,
          nicolae_spider_entry_orb_guardian, st_stairs_4
Lair:4:   layout_regular_city, basic_altar
Lair:5:   hellmonk_lair_end_abyssal_woods, layout_regular_city,
          nicolae_slime_entry_field_trip, grunt_megastairs_3, uniq_kirke
Orc:1:    layout_diamond_mine, serial_shops, nicolae_shop_just_a_little_nook,
          kennysheep_orc_chapel
Orc:2:    st_orc_pillars, layout_diamond_mine, basic_altar
Elf:1:    layout_geoelf_octagon, serial_shops, shop,
          kennysheep_underground_church, minmay_strange_pillars, uniq_donald

Skill      XL: |  1  2  3  4  5  6  7  8  9 10 11 12 13 14 15 16 |
---------------+-------------------------------------------------+-----
Axes           | 4 5 6 7 9 10 12 13 15 16 18 | 18.0
Fire Magic     | 4 |  4.0
Fighting       | 4 5 6 7 8 9 10 11 12 14 15 | 15.7
Dodging        | 1 |  1.1
Armour         | 3 5 6 8 9 10 12 13 14 | 14.3
Shields        | 3 5 6 7 9 10 12 13 14 | 14.2
Evocations     | 3 5 7 8 10 | 10.9
Invocations    | 7 9 |  9.0
Stealth        | |  0.9
Spellcasting   | |  1.4

Action                     |  1- 3 |  4- 6 |  7- 9 | 10-12 | 13-15 | 16-18 || total
---------------------------+-------+-------+-------+-------+-------+-------++-------
  Melee: Hand axe          |   121 |    10 |       |       |       |       ||   131
         Broad axe         |       |   105 |   232 |   452 |  1332 |   169 ||  2290
  Throw: Dart              |       |     6 |       |     1 |       |       ||     7
   Cast: Scorch            |     6 |       |       |       |       |       ||     6
 Invoke: Foxfire Swarm     |       |       |     1 |       |     4 |       ||     5
         Fiery Armour      |       |       |       |     3 |       |       ||     3
         Heroism           |       |       |       |       |     4 |     3 ||     7
         Finesse           |       |       |       |       |     1 |     2 ||     3
  Evoke: Wand              |       |       |       |     5 |     8 |     3 ||    16
         Gell's gravitambo |       |       |       |       |       |     1 ||     1
    Use: Scroll            |       |     9 |    11 |     4 |    17 |     1 ||    42
         Potion            |       |     1 |     1 |    10 |     4 |     3 ||    19
   Stab: Petrified         |       |       |       |     5 |       |       ||     5
         Invisible         |       |       |       |       |     5 |       ||     5
         Distracted        |       |       |       |       |     6 |       ||     6
         Sleeping          |       |       |       |       |     1 |       ||     1
 Armour: Robe              |    79 |   111 |    32 |       |       |       ||   222
         Plate armour      |       |       |   126 |   470 |   712 |       ||  1308
         Skin              |       |       |    45 |    20 |       |       ||    65
         Chain mail        |       |       |       |       |   284 |   129 ||   413
  Dodge: Dodged            |    65 |   113 |    62 |   105 |   228 |    26 ||   599
  Block: Kite shield       |       |       |    75 |   200 |   388 |       ||   663
         Tower shield      |       |       |       |       |   505 |   178 ||   683

Table legend: (Time is in decaauts)
 A = Elapsed time spent in this place.
 B = Non-inter-level travel time spent in this place.
 C = Inter-level travel time spent in this place.
 D = Time resting spent in this place.
 E = Time spent auto-exploring this place.
 F = Levels seen in this place.
 G = Mean time per level.
                   A        B        C        D        E       F      G
               +--------+--------+--------+--------+--------+-----+--------+
         Total |  22979 |  20763 |   2216 |   1031 |  15179 |  25 |  919.2 |
       Dungeon |  15061 |  13325 |   1736 |    646 |  10146 |  15 | 1004.1 |
        Temple |     15 |      5 |     10 |      0 |      0 |   1 |   15.0 |
          Lair |   5714 |   5475 |    239 |    303 |   3913 |   5 | 1142.8 |
  Orcish Mines |   1442 |   1213 |    229 |     44 |    809 |   2 |  721.0 |
   Elven Halls |    239 |    239 |      0 |     34 |     98 |   1 |  239.0 |
      Gauntlet |    506 |    506 |      0 |      3 |    213 |   1 |  506.0 |
               +--------+--------+--------+--------+--------+-----+--------+

Top non-repeatable levels by time:
     D:6: 1675 daAuts
  Lair:5: 1517 daAuts
    D:14: 1403 daAuts
     D:9: 1186 daAuts
     D:2: 1142 daAuts
  Lair:2: 1127 daAuts
     D:7: 1110 daAuts
  Lair:3: 1066 daAuts
     D:4: 1034 daAuts
    D:15: 1028 daAuts
  Lair:1: 1012 daAuts
     D:5: 1004 daAuts
  Lair:4: 990 daAuts
     D:1: 915 daAuts
     D:8: 894 daAuts
